 Dungeon Crawl Stone Soup version 0.20-a0-455-gc3b7d50 (webtiles) character file.

28 Queen the Scratcher (level 2, 0/12 HPs)
             Began as a Felid Transmuter on Jan 10, 2017.
             Slain by an adder (2 damage)
             ... on level 2 of the Dungeon.
             The game lasted 00:05:03 (881 turns).

Queen the Scratcher (Felid Transmuter)               Turns: 881, Time: 00:05:03

Health: 0/12       AC:  1    Str:  6    XL:     2   Next: 96%
Magic:  6/6        EV: 18    Int: 14    God:
Gold:   80         SH:  0    Dex: 16    Spells: 4/5 levels left
                                        Lives:  0   Deaths: 0

rFire  . . .     SeeInvis +       - Unarmed
rCold  . . .     Gourm    .     (armour unavailable)
rNeg   . . .     Faith    .     (shield unavailable)
rPois  .         Spirit   .     (helmet unavailable)
rElec  .         Reflect  .     (cloak unavailable)
rCorr  .         Harm     .     (gloves unavailable)
MR     .....     Rnd*Tele +     (boots unavailable)
Stlth  ++........               (no amulet)
                                (no ring)
                                d - ring of teleportation (curse)

@: quick
A: no armour, no weapons or thrown items, stealth, claws 1, fangs 3, see
invisible, carnivore 3, speed 1, shaggy fur 1, slow metabolism 1, sharp paws
a: no special abilities


You were on level 2 of the Dungeon.
You were completely stuffed.

You visited 1 branch of the dungeon, and saw 2 of its levels.

You collected 80 gold pieces.

Inventory:

Missiles
 a - 12 arrows
Jewellery
 d - a cursed ring of teleportation (left paw)
Scrolls
 e - 2 scrolls of remove curse {unknown}
 j - a scroll of noise {unknown}
 k - 2 scrolls of enchant weapon {unknown}
 l - a scroll of amnesia {unknown}
Potions
 f - a potion of haste {unknown}
 g - 2 potions of brilliance {unknown}
 h - 2 potions of heal wounds {unknown}
 i - a potion of cure mutation {unknown}
 m - a potion of curing {unknown}
 o - a potion of experience {unknown}
 p - a potion of berserk rage {unknown}
Books
 b - a book of Changes

   Spells                             Type                      Level
   a - Beastly Appendage              Transmutation                1
   b - Sticks to Snakes               Transmutation                2
   c - Spider Form                    Transmutation/Poison         3
   d - Ice Form                       Ice/Transmutation            4
   e - Blade Hands                    Transmutation                5
Comestibles
 c - a meat ration
 n - 5 chunks of flesh


   Skills:
 - Level 1.0 Fighting
 - Level 2.6 Dodging
 * Level 4.0 Unarmed Combat
 - Level 2.0 Spellcasting
 - Level 2.5 Transmutations


You had 4 spell levels left.
You knew the following spells:

 Your Spells              Type           Power        Failure   Level  Hunger
a - Beastly Appendage     Tmut           #.....       10%         1    ##.....


Dungeon Overview and Level Annotations

Branches:
Dungeon (2/15)

Altars:


Innate Abilities, Weirdness & Mutations

You cannot wear armour.
You are incapable of wielding weapons or throwing items.
Your paws allow you to move quietly. (Stealth)
You have sharp claws.
You have razor-sharp teeth.
You have supernaturally acute eyesight. (SInv)
You are carnivorous and can eat meat at any time.
You cover ground quickly.
You are covered in fur. (AC +1)
You have a slow metabolism.
Your sharp claws are effective at attacking unaware monsters.


Message History

You scratch the adder.
You kill the adder!
Your Unarmed Combat skill increases to level 4!
You see here an adder corpse.
You butcher the adder corpse.
n - 5 chunks of flesh (gained 2)
You start resting.
You are suddenly yanked towards a nearby monster!
Your surroundings suddenly seem different.
Found a dented garnet amulet.
An adder comes into view.
There are no items here.
There are no items here.
There are no items here.
There are no items here.
There are no items here.
You miss the adder. The adder bites you.
* * * LOW HITPOINT WARNING * * *
You closely miss the adder. The adder bites you.
You die...

..#
...
#.#
.S.
#"#
#.#
#.#
####.#
#.@S.#
#.####
#.#
#.#
#.# ##
###


You could see an adder.

Vanquished Creatures
  An adder (D:2)
  A dart slug (D:1)
  2 bats (D:1)
  2 giant cockroaches (D:1)
  2 goblins (D:1)
  2 hobgoblins (D:1)
  A frilled lizard (D:1)
  2 kobolds (D:1)
  3 rats (D:1)
16 creatures vanquished.

Notes
Turn   | Place    | Note
-------+----------+-------------------------------------------
     0 | D:1      | Queen the Felid Transmuter began the quest for the Orb.
     0 | D:1      | Reached XP level 1. HP: 9/9 MP: 4/4
   359 | D:1      | Reached XP level 2. HP: 12/12 MP: 6/6
   860 | D:2      | Reached skill level 4 in Unarmed Combat
   881 | D:2      | Slain by an adder

Vault maps used:
D:1:      sevenhm_arrival_forest_fort_large_2
D:2:      minmay_pentomino_z2

Skill      XL: |  1  2 |
---------------+-------+-----
Unarmed Combat | 4 |  4.0
Fighting       | |  1.0
Dodging        | |  2.6
Spellcasting   | |  2.0
Transmutations | |  2.5

Action                   || total
-------------------------++-------
Melee: Unarmed           ||    55
       Bite              ||     5
 Cast: Beastly Appendage ||     1
 Stab: Sleeping          ||     1
  Eat: Chunk             ||     7
Armor: Skin              ||    10
Dodge: Dodged            ||    40
